 Dungeon Crawl Stone Soup version 0.22-a0-99-g1ac4c55 (webtiles) character file.

7464 Marihuanna the Grappler (level 10, -6/81 HPs)
             Began as a White Draconian Monk on Jan 25, 2018.
             Was an Elder of Yredelemnul.
             Killed from afar by a rime drake (15 damage)
             ... with a flash freeze
             ... on level 2 of the Lair of Beasts.
             The game lasted 01:15:06 (12118 turns).

Marihuanna the Grappler (White Draconian Monk)     Turns: 12118, Time: 01:15:07

Health: -6/81      AC: 11    Str: 18    XL:     10   Next: 94%
Magic:  16/16      EV: 17    Int: 14    God:    Yredelemnul [****..]
Gold:   445        SH:  5    Dex: 17    Spells: 9/9 levels left

rFire    . . .     SeeInvis .   w - +8 long sword "Qobiepav" {pain, Int+2}
rCold    + . .     Gourm    .   N - +0 buckler
rNeg     . . .     Faith    .   (armour unavailable)
rPois    .         Spirit   .   z - +0 hat
rElec    .         Reflect  .   v - +1 cloak
rCorr    .         Harm     .   q - +0 pair of gloves {Dex+3}
MR       .....                  c - +0 pair of boots
Stlth    ++........             (no amulet)
HPRegen  0.23/turn              y - +3 ring of strength
MPRegen  0.15/turn              (no ring)

@: no status effects
A: breathe frost, unfitting armour, cold resistance 1, cold-blooded, AC +7
a: Breathe Frost, Recall Undead Slaves, Injury Mirror, Animate Dead, Drain Life,
Renounce Religion


You were on level 2 of the Lair of Beasts.
You worshipped Yredelemnul.
Yredelemnul was greatly pleased with you.
You were near starving.

You visited 3 branches of the dungeon, and saw 12 of its levels.

You collected 515 gold pieces.
You spent 70 gold pieces at shops.

Inventory:

Hand Weapons
 w - the +8 long sword "Qobiepav" (weapon) {pain, Int+2}
   (You found it on level 7 of the Dungeon)

   In the hands of one skilled in necromantic magic, it inflicts extra damage on
   living creatures.
   It affects your intelligence (+2).
 A - the +5 dagger of Sakh {venom, Int+4 Dex+2}
   (You found it on level 7 of the Dungeon)

   It poisons the flesh of those it strikes.
   It affects your intelligence (+4).
   It affects your dexterity (+2).
Missiles
 h - 2 throwing nets (quivered)
Armour
 c - a +0 pair of boots (worn)
 g - a +0 cloak
 q - a +0 pair of gloves of dexterity (worn)
 v - a +1 cloak (worn)
 z - a +0 hat (worn)
 N - a +0 buckler (worn)
Jewellery
 y - a +3 ring of strength (left hand)
Wands
 m - a wand of flame (47)
 s - a wand of acid (12)
 t - a wand of random effects (61)
 x - a wand of scattershot (7)
 D - a wand of enslavement (17)
 I - a wand of paralysis (15)
 K - a wand of disintegration (9)
Scrolls
 a - a scroll of identify
 d - 3 scrolls of blinking
 e - 3 scrolls of enchant armour {unknown}
 f - 8 scrolls of teleportation
 i - 3 scrolls of remove curse
 j - a scroll of enchant weapon {unknown}
 k - a scroll of fear
 u - a scroll of fog {unknown}
 C - a scroll of random uselessness {unknown}
 F - a scroll of immolation {unknown}
 H - a scroll of magic mapping {unknown}
 J - 2 scrolls of brand weapon {unknown}
Potions
 b - 2 potions of curing
 n - a potion of haste
 o - a potion of brilliance
 p - a potion of magic
 r - a potion of agility
Books
 B - a book of Battle

   Spells                             Type                      Level
   a - Infusion                       Charms                       1
   b - Shroud of Golubria             Charms/Translocation         2
   c - Song of Slaying                Charms                       2
   d - Spectral Weapon                Hexes/Charms                 3
   e - Regeneration                   Charms/Necromancy            3
 E - a book of Beasts

   Spells                             Type                      Level
   a - Summon Butterflies             Summoning                    1
   b - Call Canine Familiar           Summoning                    3
   c - Summon Ice Beast               Ice/Summoning                4
   d - Summon Mana Viper              Hexes/Summoning              5
   e - Summon Hydra                   Summoning                    7
Miscellaneous
 L - a lightning rod (4/4)
 M - a fan of gales
Comestibles
 l - 14 rations


   Skills:
 - Level 5.0 Fighting
 + Level 8.2 Dodging
 - Level 1.7 Stealth
 + Level 2.2 Shields
 + Level 11.9 Unarmed Combat
 + Level 8.3 Invocations


You had 9 spell levels left.
You didn't know any spells.

Dungeon Overview and Level Annotations

Branches:
Dungeon (9/15)             Temple (1/1) D:4            Lair (2/6) D:8
  Swamp: Lair:2-4    Shoals: Lair:2-4     Snake: Lair:2-4    Spider: Lair:2-4
    Orc: D:9-12

Altars:
Ashenzari
Cheibriados
Dithmenos
Elyvilon
Fedhas
Gozag
Hepliaklqana
Kikubaaqudgha
Makhleb
Nemelex Xobeh
Qazlal
Ru
Sif Muna
Trog
Uskayaw
Vehumet
Wu Jian
Xom
Yredelemnul
Zin
The Shining One

Shops:
D:4 %   D:5 (   D:8 (

Annotations:
D:3 lemonriz's ghost, amateur DrTm
Lair:1 exclusion: oklob plant


Innate Abilities, Weirdness & Mutations

You can breathe waves of freezing cold.
You can buffet flying creatures when you breathe cold.
Your icy white scales are hard. (AC +7)
You cannot fit into any form of body armour.
Your flesh is cold resistant. (rC+)
You are cold-blooded and may be slowed by cold attacks.


Message History

Your komodo dragon zombie bites the rime drake.
The yak gores you.
The rime drake bites you but does no damage.
The ice encasing you melts away.
Your komodo dragon zombie barely misses the rime drake.
The rime drake breathes ice at you. The flash freeze hits you!
You partially resist.
* * * LOW HITPOINT WARNING * * *
You are encased in ice.
Your komodo dragon zombie closely misses the rime drake.
Okay, then.
As you read the scroll of fear, it crumbles to dust.
You assume a fearsome visage.
The yak looks frightened!
The rime drake looks frightened!
Your komodo dragon zombie is unaffected.
The ice encasing you melts away. The rime drake breathes ice at you.
The flash freeze hits you! You partially resist.
You die...
Your body rises from the dead as a mindless zombie.

.............#.....# #.
...................##P.
....................<....
..........................
...................# #....
...............#..P##.....
..........................
............>.............
................@.........
..........................
..................?Y......
..................Z.......
....................k.....
..........................
....................##....
..................... ...#
....................#. ..P


You could see a yak (fleeing), a rime drake (fleeing) and a friendly komodo
dragon zombie.

Vanquished Creatures
  A spiny frog (Lair:2)
  A komodo dragon (Lair:2)
  A troll (D:7)
  A hippogriff (D:8)
  A vampire (D:9)
  A human (D:7)
  4 hogs (D:7)
  A soldier ant (D:7)
  A water moccasin (D:8)
  2 orc warriors (D:8)
  2 porcupines (D:8)
  An ice beast (D:7)
  3 phantoms
  2 sky beasts
  A necrophage (D:8)
  4 centaurs
  4 ogres
  2 crocodiles
  A wyvern zombie (D:8)
  9 bullfrogs
  2 scorpions
  2 howler monkeys
  A wight (D:8)
  A bullfrog zombie (D:5)
  A crimson imp (D:7)
  2 quasits
  2 hounds
  5 orc priests
  3 jellies
  An orc wizard (D:7)
  A bullfrog skeleton (D:8)
  A gnoll shaman (D:5)
  8 worker ants
  A hound skeleton (D:7)
  A worker ant zombie (D:8)
  A howler monkey skeleton (D:6)
  6 adders
  11 gnolls
  A shadow imp (D:7)
  An ooze (D:4)
  4 adder skeletons
  2 worms
  4 dart slugs
  2 leopard geckos
  17 orcs
  6 bats
  5 giant cockroaches
  10 goblins
  7 hobgoblins
  13 jackals
  2 quokkas
  2 ball pythons
  A frilled lizard (D:4)
  10 kobolds
  A leopard gecko zombie (D:8)
  2 quokka skeletons (D:4)
  A rat (D:1)
184 creatures vanquished.

Vanquished Creatures (collateral kills)
  A hydra (Lair:1)
  A black mamba (Lair:1)
  A spiny frog (Lair:1)
  A rime drake (Lair:1)
  2 hippogriffs (D:8)
  A flying skull (Lair:1)
  2 yaks (Lair:2)
  A basilisk (Lair:1)
  A water moccasin (Lair:2)
  A porcupine (D:8)
  5 wolves (Lair:1)
  2 crocodiles (Lair:1)
  2 bullfrogs
  A wight (D:8)
  A howler monkey (D:8)
  An orc wizard (D:8)
  A worker ant (D:8)
  2 orcs (D:8)
  3 fungi (D:8)
30 creatures vanquished.

Vanquished Creatures (others)
  3 flying skulls
  A water moccasin zombie (Lair:2)
  A crocodile zombie (Lair:2)
  3 orc zombies (D:8)
8 creatures vanquished.

Grand Total: 222 creatures vanquished

Notes
Turn   | Place    | Note
-------+----------+-------------------------------------------
     0 | D:1      | Marihuanna the Draconian Monk began the quest for the Orb.
     0 | D:1      | Reached XP level 1. HP: 19/19 MP: 1/1
   221 | D:1      | Reached XP level 2. HP: 23/26 MP: 2/2
   581 | D:1      | Reached XP level 3. HP: 26/31 MP: 3/3
  1031 | D:2      | Found a burning altar of Makhleb.
  1052 | D:2      | Reached skill level 4 in Unarmed Combat
  1058 | D:2      | Reached XP level 4. HP: 13/40 MP: 4/4
  1595 | D:2      | Found a shimmering altar of Xom.
  1770 | D:2      | Reached XP level 5. HP: 41/46 MP: 5/5
  2297 | D:3      | Noticed lemonriz's ghost (amateur DrTm)
  2656 | D:3      | Found a shattered altar of Ashenzari.
  3098 | D:4      | Noticed an ogre
  3099 | D:4      | Found a staircase to the Ecumenical Temple.
  3295 | D:4      | Killed an ogre
  3295 | D:4      | Reached skill level 5 in Unarmed Combat
  3295 | D:4      | Reached XP level 6. HP: 23/53 MP: 6/6
  4038 | Temple   | Entered the Ecumenical Temple
  4124 | Temple   | Became a worshipper of Yredelemnul the Dark
  4124 | Temple   | Reached * piety under Yredelemnul
  4124 | Temple   | Reached ** piety under Yredelemnul
  4182 | D:4      | Found Poshrao's Food Shop.
  4190 | D:4      | Bought a ration for 70 gold pieces
  4412 | D:5      | Entered Level 5 of the Dungeon
  4419 | D:5      | Reached skill level 5 in Fighting
  4455 | D:5      | Found Titaes's Antique Weapon Shop.
  4880 | D:5      | Reached skill level 6 in Unarmed Combat
  4882 | D:5      | Found a burning altar of Makhleb.
  4940 | D:5      | Reached skill level 1 in Invocations
  4940 | D:5      | Your scales start taking on an icy white colour.
  4940 | D:5      | Reached XP level 7. HP: 17/61 MP: 7/7
  4940 | D:5      | Gained mutation: Your flesh is cold resistant. (rC+) [White Draconian growth]
  5943 | D:6      | Reached skill level 7 in Unarmed Combat
  6396 | D:6      | Reached skill level 5 in Dodging
  6396 | D:6      | Reached XP level 8. HP: 42/68 MP: 10/10
  6906 | D:6      | Reached skill level 8 in Unarmed Combat
  7430 | D:7      | Found a radiant altar of Vehumet.
  7918 | D:7      | Reached skill level 9 in Unarmed Combat
  7918 | D:7      | Reached XP level 9. HP: 19/74 MP: 12/12
  7925 | D:7      | Reached skill level 5 in Invocations
  7928 | D:7      | HP: 2/74 [hog (6)]
  8518 | D:7      | Got a dazzling long sword
  8519 | D:7      | Identified the +8 long sword "Qobiepav" {pain, Int+2} (You found it on level 7 of the Dungeon)
  8567 | D:7      | Noticed a two-headed ogre
  8745 | D:7      | Noticed a troll
  8775 | D:7      | Killed a troll
  8858 | D:7      | Reached *** piety under Yredelemnul
  8863 | D:7      | Reached skill level 10 in Unarmed Combat
  9043 | D:7      | Got a transparent dagger
  9044 | D:7      | Identified the +5 dagger of Sakh {venom, Int+4 Dex+2} (You found it on level 7 of the Dungeon)
  9122 | D:8      | Found Vyplaum's Antique Weapon Shop.
  9692 | D:8      | Reached XP level 10. HP: 66/81 MP: 15/15
  9917 | D:9      | Received a gift from Yredelemnul (a wight)
  9973 | D:8      | Reached skill level 11 in Unarmed Combat
  9989 | D:8      | Found a hazy altar of Hepliaklqana.
 10227 | D:8      | Found a staircase to the Lair.
 10372 | D:8      | Reached **** piety under Yredelemnul
 10709 | D:8      | Received a gift from Yredelemnul (4 flying skulls)
 10752 | Lair:1   | Entered Level 1 of the Lair of Beasts
 10752 | Lair:1   | Noticed a spiny frog
 10762 | Lair:1   | Killed a spiny frog
 10853 | Lair:1   | Noticed a black mamba
 10862 | Lair:1   | Killed a black mamba
 11087 | Lair:1   | Noticed an oklob plant
 11255 | Lair:1   | Noticed a six-headed hydra
 11263 | Lair:1   | Killed a six-headed hydra
 11263 | Lair:1   | Reached skill level 1 in Shields
 11609 | Lair:2   | Noticed a spiny frog
 11789 | Lair:2   | Killed a spiny frog
 12118 | Lair:2   | Killed from afar by a rime drake

Vault maps used:
D:1:      scummos_arrival_forest, grunt_decor_resistance
D:2:      lemuel_round_altar, lemuel_doored_altar
D:3:      cheibrodos_ashenzari_chains
D:4:      minmay_diamond_boxcup, minmay_temple_entry_statues, serial_shops,
          nicolae_shop_competitors_out_of_business, amethyst_killhole
D:5:      serial_shops, shop, first_ration, bloody_makhleb
D:7:      vehumet_altar_wand_db, grunt_livestock
D:8:      lemuel_round_altar, grunt_lair_entry_orc_guard_hut, serial_shops, shop
D:9:      marbit_many_paths
Temple:   regret_index_temple_sphere_string
Lair:1:   minmay_lair_oklob_items
Lair:2:   swamp_mist

Skill      XL: |  1  2  3  4  5  6  7  8  9 10 |
---------------+-------------------------------+-----
Dodging        | 3 4 5 6 7 8 |  8.2
Unarmed Combat | 4 5 6 7 9 10 11 | 11.9
Fighting       | 4 5 |  5.0
Invocations    | 1 3 4 6 8 |  8.3
Shields        | 2 |  2.2
Stealth        | |  1.7

Action                   |  1- 3 |  4- 6 |  7- 9 | 10-12 || total
-------------------------+-------+-------+-------+-------++-------
Melee: Unarmed           |   118 |   265 |   273 |       ||   656
       Tailslap          |    12 |    28 |    66 |    23 ||   129
       Punch             |       |     8 |    22 |     6 ||    36
       Dagger            |       |       |    60 |       ||    60
       Long sword        |       |       |    29 |    84 ||   113
Throw: Throwing net      |       |     1 |       |       ||     1
Invok: Animate Dead      |       |       |       |    12 ||    12
 Abil: Breathe Frost     |       |       |     4 |     1 ||     5
Evoke: Wand              |       |     3 |     7 |     2 ||    12
  Use: Scroll            |       |     5 |     8 |     1 ||    14
       Potion            |       |       |     4 |       ||     4
 Stab: Sleeping          |     3 |     1 |     2 |     2 ||     8
       Distracted        |       |     1 |     1 |     1 ||     3
  Eat: Ration            |       |     3 |       |     1 ||     4
       Chunk             |       |     3 |    16 |     6 ||    25
Armor: Skin              |    27 |    71 |   109 |    39 ||   246
Dodge: Dodged            |    82 |   195 |   282 |    87 ||   646
Block: Buckler           |       |       |       |     7 ||     7
       Rpst.: Long sword |       |       |    12 |    28 ||    40

Table legend:
 A = Spawn XP
 B = Non-spawn XP
 C = Spawn XP percentage of total XP
 D = Spawn monster count
 E = Non-spawn monster count
 F = Spawn count percentage of total count
 G = Total turns spent on level
                    A         B        C        D         E        F      G
               +---------+---------+-------+---------+---------+-------+---------
         Total |       0 |   10664 |   0.0 |       0 |     210 |   0.0 | 12118
               +---------+---------+-------+---------+---------+-------+---------
           D:1 |       0 |      55 |   0.0 |       0 |      28 |   0.0 |   983
           D:2 |       0 |     181 |   0.0 |       0 |      27 |   0.0 |  1690
           D:3 |       0 |      45 |   0.0 |       0 |       5 |   0.0 |   425
           D:4 |       0 |     295 |   0.0 |       0 |      17 |   0.0 |  1202
           D:5 |       0 |     482 |   0.0 |       0 |      13 |   0.0 |  1415
           D:6 |       0 |    1019 |   0.0 |       0 |      16 |   0.0 |  1879
           D:7 |       0 |    2297 |   0.0 |       0 |      31 |   0.0 |  1381
           D:8 |       0 |    2670 |   0.0 |       0 |      41 |   0.0 |  1098
           D:9 |       0 |     617 |   0.0 |       0 |      12 |   0.0 |   567
        Lair:1 |       0 |    1995 |   0.0 |       0 |      13 |   0.0 |   836
        Lair:2 |       0 |    1008 |   0.0 |       0 |       7 |   0.0 |   530
               +---------+---------+-------+---------+---------+-------+---------
